 Dungeon Crawl Stone Soup version 0.20-a0-1015-g2ec8a95 (webtiles) character file.

98 MovingMist the Skirmisher (level 4, 0/42 HPs)
             Began as a Ghoul Monk on Apr 15, 2017.
             Slain by an adder (3 damage)
             ... on level 2 of the Dungeon.
             The game lasted 00:05:43 (2114 turns).

MovingMist the Skirmisher (Ghoul Monk)              Turns: 2114, Time: 00:05:44

Health: 0/42       AC:  2    Str: 14    XL:     4   Next: 71%
Magic:  3/3        EV: 14    Int:  5    God:
Gold:   91         SH:  0    Dex: 12    Spells: 3/3 levels left

rFire    . . .     SeeInvis .     - Unarmed
rCold    + . .     Gourm    .   (no shield)
rNeg     + + +     Faith    .   a - +0 robe
rPois    ∞         Spirit   .   (no helmet)
rElec    .         Reflect  .   (no cloak)
rCorr    .         Harm     .   (no gloves)
MR       .....                  (no boots)
Stlth    +++.......             (no amulet)
Regen    0.0/turn               (no ring)
MPRegen  0.1/turn               (no ring)

@: rotting
A: rotting body, claws 1, carnivore 3, cold resistance 1, negative energy
resistance 3, inhibited regeneration, torment resistance, unbreathing
a: no special abilities


You were on level 2 of the Dungeon.
You were not hungry.

You visited 1 branch of the dungeon, and saw 3 of its levels.

You collected 91 gold pieces.

Inventory:

Missiles
 h - a throwing net (quivered)
Armour
 a - a +0 robe (worn)
Scrolls
 g - 3 scrolls of identify {unknown}
 i - a scroll of immolation {unknown}
 k - a scroll of fog {unknown}
 l - 2 scrolls of enchant armour {unknown}
 m - a scroll of teleportation {unknown}
 n - a scroll of enchant weapon {unknown}
Potions
 c - a potion of invisibility {unknown}
 d - a potion of mutation {unknown}
 e - a potion of curing {unknown}
 j - a potion of lignification {unknown}
Comestibles
 b - a meat ration
 f - 5 chunks of flesh


   Skills:
 + Level 5.1 Fighting
 * Level 4.3 Dodging
 - Level 4.4 Stealth
 + Level 2.1 Unarmed Combat


You had 3 spell levels left.
You didn't know any spells.

Dungeon Overview and Level Annotations

Branches:
Dungeon (3/15)

Altars:


Innate Abilities, Weirdness & Mutations

Your body is rotting away.
You thrive on raw meat.
You are immune to poison.
You have sharp fingernails.
You are carnivorous and can eat meat at any time.
Your flesh is cold resistant. (rC+)
You are immune to negative energy. (rN+++)
You do not regenerate when monsters are visible.
You are immune to unholy pain and torment.
You can survive without breathing.


Message History

You claw the gnoll!
The gnoll is severely wounded.
The adder bites you. The gnoll hits you but does no damage.
The orc closely misses you. The adder bites you.
You scratch the gnoll.
The gnoll is severely wounded.
The gnoll closely misses you. The orc hits you with a mace.
The adder bites you.
You scratch the gnoll.
You kill the gnoll!
The adder closely misses you. The orc hits you with a mace!
* * * LOW HITPOINT WARNING * * *
The adder misses you. The orc barely misses you.
Things that are here:
a spear; a gnoll corpse The adder barely misses you.
The orc hits you with a mace.
* * * LOW HITPOINT WARNING * * *
The adder bites you.
You die...

#..........# #.# #.#####..#.#
#######.# #.# #..#.#
#.......# #.# #..#.######
#.#####.# #.# #.........# #.#
#.# #.#####.##.####.# #.# #.#
#.##....##.# #.# #.# #.#
#.##.##....####.## #.# ##.#
#.##.#......@....####.####...
#.##.......S###..(..........#
#.##....)>.o.###............#
#.....((..)..# #..###.#####.#
####.....)...# #..# #.# #..
#........## #..# #.# ###
#.#.....## #..# #.# #......##
#.<# #.# ######## #..###.#


You could see an adder and an orc.

Vanquished Creatures
  A gnoll (D:2)
  2 adders (D:2)
  An ooze (D:1)
  4 dart slugs
  3 leopard geckos
  4 giant cockroaches
  4 goblins
  8 hobgoblins
  12 bats
  4 frilled lizards
  3 kobolds
  8 rats
54 creatures vanquished.

Notes
Turn   | Place    | Note
-------+----------+-------------------------------------------
     0 | D:1      | MovingMist the Ghoul Monk began the quest for the Orb.
     0 | D:1      | Reached XP level 1. HP: 22/22 MP: 0/0
   184 | D:1      | Reached XP level 2. HP: 14/28 MP: 1/1
   698 | D:1      | Reached XP level 3. HP: 25/34 MP: 2/2
  1092 | D:1      | Reached skill level 1 in Unarmed Combat
  1280 | D:2      | Reached skill level 5 in Fighting
  1386 | D:2      | Reached XP level 4. HP: 13/42 MP: 3/3
  2114 | D:2      | Slain by an adder

Vault maps used:
D:1:      elethiomel_arrival_infinity_welcomes_careful_drivers, st_stairs_13
D:2:      minmay_strange_pillars
D:3:      grunt_temple_overflow_cloverleaf, chequers_temple_overflow_minitemple,
          first_bread, nemelex_altar_shiori, uniq_natasha, uniq_terence

Skill      XL: |  1  2  3  4 |
---------------+-------------+-----
Dodging        | 4 |  4.3
Unarmed Combat | 1 2 |  2.1
Fighting       | 5 |  5.1
Stealth        | |  4.4

Action                   |  1- 3 |  4- 6 || total
-------------------------+-------+-------++-------
Melee: Unarmed           |   185 |    58 ||   243
 Stab: Sleeping          |     7 |     3 ||    10
  Eat: Chunk             |     2 |     3 ||     5
Armor: Robe              |    49 |     6 ||    55
Dodge: Dodged            |   170 |    43 ||   213
